 Dungeon Sprint DCSS version 0.23-a0-814-g91b4073 (webtiles) character file.

7679 Lanoc the Fencer (level 10, -10/135 HPs)
             Began as a Demonspawn Berserker on Jan 21, 2019.
             Was the Champion of Trog.
             Mangled by an orc knight
             ... wielding a +3 long sword of slicing
              (15 damage)
             ... in the Dungeon (Sprint IX: "|||||||||||||||||||||||||||||").
             The game lasted 00:04:37 (1261 turns).

Lanoc the Fencer (Demonspawn Berserker)             Turns: 1261, Time: 00:04:37

Health: -10/135    AC: 16    Str: 31    XL:     10   Next: 99%
Magic:  3/3        EV: 18    Int:  9    God:    Trog [******]
Gold:   672        SH:  0    Dex: 13    Spells: 9/9 levels left

rFire    . . .     SeeInvis .   o - +9 triple sword (antimagic)
rCold    . . .     Gourm    .   (shield currently unavailable)
rNeg     . . .     Faith    .   p - +2 ring mail
rPois    .         Spirit   .   (helmet unavailable)
rElec    .         Reflect  .   a - +0 cloak
rCorr    .         Harm     .   y - +0 pair of gloves
MR       ++...     NoTele   +   z - +0 pair of boots
Stlth    ..........             (no amulet)
HPRegen  1.32/turn              q - +3 ring of strength
MPRegen  0.08/turn              r - +3 ring of strength

@: berserking (expiring), regenerating, very quick
A: horns 3, yellow scales 1, spiny 2, rot immunity
a: Berserk, Trog's Hand, Brothers in Arms, Renounce Religion


You were in the Dungeon.
You worshipped Trog.
Trog was exalted by your worship.
You were very hungry.

You visited 1 branch You collected 672 gold pieces.

Inventory:

Hand Weapons
 n - a +2 scimitar of flaming
 o - a +9 antimagic triple sword (weapon)
Armour
 a - a +0 cloak (worn)
 p - a +2 ring mail (worn)
 y - a +0 pair of gloves (worn)
 z - a +0 pair of boots (worn)
Jewellery
 q - a +3 ring of strength (left hand)
 r - a +3 ring of strength (right hand)
Wands
 m - a wand of iceblast (10)
Scrolls
 i - 2 scrolls of blinking
 l - 3 scrolls of remove curse
 s - a scroll of identify
 t - 4 scrolls of enchant weapon
 u - 2 scrolls of fear
 v - 2 scrolls of enchant armour
Potions
 d - 6 potions of curing
 e - 5 potions of heal wounds
 f - 2 potions of haste
 g - 4 potions of magic
 h - a potion of berserk rage
 j - a potion of agility
 k - a potion of invisibility
Comestibles
 c - 12 rations
 w - 2 chunks of flesh


   Skills:
 + Level 12.3 Fighting
 * Level 15.2 Long Blades
 + Level 11.2 Armour
 + Level 11.2 Dodging


You had 9 spell levels left.
You didn't know any spells.
Your spell library was empty.

Dungeon Overview and Level Annotations

Branches:
Dungeon (1/1)

Altars:
Cheibriados
Dithmenos
Elyvilon
Fedhas
Gozag
Hepliaklqana
Kikubaaqudgha
Makhleb
Nemelex Xobeh
Okawaru
Qazlal
Ru
Sif Muna
Trog
Uskayaw
Vehumet
Wu Jian
Xom
Yredelemnul
Zin
The Shining One
Beogh
Jiyva
Lugonu


Innate Abilities, Weirdness & Mutations

You have a pair of large horns on your head.
You are partially covered in yellow scales. (AC +2)
You are mostly covered in sharp spines.
You are immune to rotting.


Message History

The orc knight is severely wounded.
You hit the orc knight. You headbutt the orc knight!
The orc knight is almost dead.
An orc warrior comes into view. It is wielding a +4 long sword.
The orc knight is struck by your spines.
The orc knight hits you with a +0 bardiche!!
* * * LOW HITPOINT WARNING * * *
You chop the orc knight into pieces!!!
You feel the power of Trog in you as your rage grows.
You kill the orc knight!
Trog accepts your kill. Something appears at your feet!
Trog grants you ammunition!
You slice the orc knight!!
The orc knight is heavily wounded.
You slice the orc knight!! Your headbutt misses the orc knight.
The orc knight is almost dead.
The orc knight is struck by your spines.
The orc knight hits you with a +3 long sword of slicing!
You die...

▓▓▓▓▓▓▓▓▓▓▓▓▓▓▓▓▓▓▓▓▓▓▓▓
)))))))).)).....@ooo$oo.
▓▓▓▓▓▓▓▓▓▓▓▓▓▓▓▓▓▓▓▓▓▓▓▓▓▓▓▓▓▓▓▓▓
....................)............
▓▓▓▓▓▓▓▓▓▓▓▓▓▓▓▓▓▓▓▓▓▓▓▓▓▓▓▓▓▓▓▓▓
..........)÷)÷....÷.'†........'÷.
▓▓▓▓▓▓▓▓▓▓▓▓▓▓▓▓▓▓▓▓▓▓▓▓▓▓▓▓▓▓▓▓▓
.................................
▓▓▓▓▓▓▓▓▓▓▓▓▓▓▓▓▓▓▓▓▓▓▓▓▓▓▓▓▓▓▓▓▓
)....'________________________'.?


You could see 2 orc knights, 2 orc warriors and an orc priest.

Vanquished Creatures
  A hydra (D)
  2 orc knights (D)
  An orc sorcerer (D)
  A black mamba (D)
  An elephant (D)
  2 spiny frogs (D)
  2 komodo dragons (D)
  2 tyrant leeches (D)
  2 trolls (D)
  3 blink frogs (D)
  A shadow (D)
  Grum (D)
  3 yaks (D)
  A vampire mosquito (D)
  2 basilisks (D)
  A hungry ghost (D)
  2 porcupines (D)
  3 orc warriors (D)
  3 wolves (D)
  A crocodile (D)
  5 bullfrogs (D)
  An orc priest (D)
  5 orc wizards (D)
  3 worker ants (D)
  A hell rat (D)
  A shadow imp (D)
  An adder skeleton (D)
  7 orcs (D)
  A bat (D)
  A bat skeleton (D)
  A giant cockroach (D)
  2 goblins (D)
  A hobgoblin (D)
  A frilled lizard (D)
  A giant cockroach zombie (D)
  A quokka skeleton (D)
68 creatures vanquished.

Notes
Turn   | Place    | Note
-------+----------+-------------------------------------------
     0 | D        | Lanoc the Demonspawn Berserker began the quest for the Orb.
     0 | D        | Reached XP level 1. HP: 18/18 MP: 1/1
     8 | D        | Reached skill level 3 in Long Blades
    10 | D        | Reached ** piety under Trog
    72 | D        | Noticed a worker ant
    73 | D        | Gained mutation: You are partially covered in sharp spines.
                  | [demonic ancestry]
    73 | D        | Reached XP level 2. HP: 24/24 MP: 2/2
    74 | D        | Reached *** piety under Trog
    82 | D        | Reached skill level 4 in Long Blades
    82 | D        | Gained mutation: You have a pair of small horns on your
                  | head. [demonic ancestry]
    82 | D        | Reached XP level 3. HP: 30/30 MP: 3/3
    91 | D        | Found a roughly hewn altar of Beogh.
    91 | D        | Found a snail-covered altar of Cheibriados.
    91 | D        | Found a shadowy altar of Dithmenos.
    91 | D        | Found a white marble altar of Elyvilon.
    91 | D        | Found a blossoming altar of Fedhas.
    91 | D        | Found an opulent altar of Gozag.
    92 | D        | Found a hazy altar of Hepliaklqana.
    93 | D        | Found a viscous altar of Jiyva.
    94 | D        | Found an ancient bone altar of Kikubaaqudgha.
    95 | D        | Found a corrupted altar of Lugonu.
    96 | D        | Found a burning altar of Makhleb.
    97 | D        | Found a sparkling altar of Nemelex Xobeh.
    98 | D        | Found an iron altar of Okawaru.
    99 | D        | Found a stormy altar of Qazlal.
   100 | D        | Found a sacrificial altar of Ru.
   101 | D        | Found a deep blue altar of Sif Muna.
   102 | D        | Found a bloodstained altar of Trog.
   103 | D        | Found a hide-covered altar of Uskayaw.
   104 | D        | Found a radiant altar of Vehumet.
   105 | D        | Found an ornate altar of the Wu Jian Council.
   106 | D        | Found a shimmering altar of Xom.
   107 | D        | Found a basalt altar of Yredelemnul.
   108 | D        | Found a glowing silver altar of Zin.
   109 | D        | Found a glowing golden altar of the Shining One.
   164 | D        | Noticed a hungry ghost
   165 | D        | Reached **** piety under Trog
   171 | D        | Reached skill level 5 in Long Blades
   172 | D        | Reached XP level 4. HP: 38/38 MP: 4/4
   175 | D        | Reached ***** piety under Trog
   175 | D        | Reached skill level 5 in Fighting
   180 | D        | Killed a hungry ghost
   180 | D        | Received a gift from Trog
   180 | D        | Reached skill level 7 in Long Blades
   180 | D        | Reached skill level 5 in Armour
   180 | D        | Reached skill level 5 in Dodging
   180 | D        | Gained mutation: You are mostly covered in sharp spines.
                  | [demonic ancestry]
   180 | D        | Reached XP level 5. HP: 46/46 MP: 5/5
   231 | D        | Noticed a troll
   231 | D        | Noticed a troll
   231 | D        | Noticed a basilisk
   231 | D        | Noticed a shadow
   238 | D        | Killed a troll
   238 | D        | Reached skill level 8 in Long Blades
   238 | D        | Gained mutation: You have a pair of horns on your head.
                  | [demonic ancestry]
   238 | D        | Reached XP level 6. HP: 11/55 MP: 6/6
   241 | D        | Killed a troll
   241 | D        | Reached skill level 9 in Long Blades
   241 | D        | Gained mutation: You have a pair of large horns on your
                  | head. [demonic ancestry]
   241 | D        | Reached XP level 7. HP: 15/61 MP: 7/7
   242 | D        | HP: 2/91 [basilisk (14)]
   244 | D        | Killed a basilisk
   244 | D        | Reached skill level 10 in Long Blades
   247 | D        | HP: 3/62 [something (22)]
   249 | D        | Killed a shadow
   552 | D        | Noticed a komodo dragon
   552 | D        | Noticed a spiny frog
   552 | D        | Noticed a yak
   552 | D        | Noticed a yak
   558 | D        | Killed a komodo dragon
   558 | D        | Gained mutation: You are immune to rotting. [demonic
                  | ancestry]
   558 | D        | Reached XP level 8. HP: 40/70 MP: 8/8
   560 | D        | Killed a spiny frog
   560 | D        | Reached skill level 11 in Long Blades
   563 | D        | Received a gift from Trog
   563 | D        | Noticed a five-headed hydra
   568 | D        | Reached skill level 12 in Long Blades
   568 | D        | Reached XP level 9. HP: 53/78 MP: 9/9
   575 | D        | Killed a two-headed hydra
   575 | D        | Reached skill level 10 in Fighting
   577 | D        | Received a gift from Trog
   751 | D        | Noticed an elephant
   751 | D        | Noticed a komodo dragon
   754 | D        | Killed an elephant
   754 | D        | Reached skill level 13 in Long Blades
   757 | D        | Killed a komodo dragon
   757 | D        | Noticed a black mamba
   777 | D        | Killed a black mamba
   777 | D        | Gained mutation: You are partially covered in yellow
                  | scales. (AC +2) [demonic ancestry]
   777 | D        | Reached XP level 10. HP: 87/87 MP: 10/10
   779 | D        | Reached skill level 10 in Armour
   779 | D        | Reached skill level 10 in Dodging
   830 | D        | Noticed a spiny frog
   833 | D        | Killed a spiny frog
   833 | D        | Reached ****** piety under Trog
   839 | D        | Reached skill level 14 in Long Blades
   856 | D        | HP: 3/88 [blink frog (15)]
   859 | D        | Received a gift from Trog
  1065 | D        | Noticed Grum
  1071 | D        | Killed Grum
  1131 | D        | Received a gift from Trog
  1144 | D        | Received a gift from Trog
  1246 | D        | Noticed an orc sorcerer
  1246 | D        | Noticed an orc knight
  1246 | D        | Noticed an orc knight
  1246 | D        | Noticed an orc knight
  1248 | D        | Killed an orc sorcerer
  1254 | D        | Killed an orc knight
  1254 | D        | Reached skill level 15 in Long Blades
  1255 | D        | Noticed an orc knight
  1258 | D        | HP: 2/133 [orc knight/+0 bardiche (22)]
  1259 | D        | Killed an orc knight
  1259 | D        | Received a gift from Trog
  1261 | D        | Mangled by an orc knight

Vault maps used:
D:        linesprint

Skill      XL: |  1  2  3  4  5  6  7  8  9 10 |
---------------+-------------------------------+-----
Long Blades    | 3 4 5 7 8 9 10 12 13 15 | 15.2
Armour         | 2 3 5 6 7 8 9 11 | 11.2
Dodging        | 2 3 5 6 7 8 9 11 | 11.2
Fighting       | 4 6 7 8 9 11 12 | 12.3

Action                   |  1- 3 |  4- 6 |  7- 9 | 10-12 || total
-------------------------+-------+-------+-------+-------++-------
Melee: Falchion          |    15 |       |       |       ||    15
       Scimitar          |     7 |     6 |     7 |       ||    20
       Headbutt          |     1 |     2 |    16 |    15 ||    34
       Long sword        |       |     7 |    41 |    25 ||    73
       Great sword       |       |       |       |    25 ||    25
       Triple sword      |       |       |       |    12 ||    12
Invok: Berserk           |     3 |     1 |     2 |     3 ||     9
       Trog's Hand       |       |     1 |     2 |     3 ||     6
  Use: Potion            |       |       |     2 |     1 ||     3
  Eat: Chunk             |       |     2 |     4 |     6 ||    12
Armor: Animal skin       |     3 |       |       |       ||     3
       Ring mail         |       |     4 |    10 |     5 ||    19
Dodge: Dodged            |     9 |     8 |    21 |    34 ||    72
       Rpst.: Falchion   |     4 |       |       |       ||     4
       Scimitar          |     1 |     2 |     1 |       ||     4
       Long sword        |       |       |     5 |     8 ||    13
       Great sword       |       |       |       |     5 ||     5

Table legend:
 A = Non-vault XP
 B = Vault XP
 C = Vault XP percentage of total XP
 D = Non-vault monster count
 E = Vault monster count
 F = Vault count percentage of total count
                 A         B        C        D         E       F
            +---------+---------+-------+---------+---------+-------
      Total |       0 |   10970 | 100.0 |       0 |      68 | 100.0
            +---------+---------+-------+---------+---------+-------
          D |       0 |   10970 | 100.0 |       0 |      68 | 100.0
            +---------+---------+-------+---------+---------+-------
